[Event "7th Sharjah Masters 2024"]
[Site "Sharjah"]
[Date "2024.05.14"]
[Round "1.12"]
[White "Muradli, Mahammad"]
[Black "Deac, Bogdan-Daniel"]
[Result "1-0"]
[ECO "E05"]
[WhiteElo "2561"]
[BlackElo "2693"]
[Annotator "TA"]
[PlyCount "171"]
[EventDate "2024.05.13"]
[EventType "swiss"]
[EventCountry "UAE"]
[SourceTitle "playchess.com"]
[Source "ChessBase"]
[SourceQuality "1"]
[TimeControl "5400+30"]

1. d4 Nf6 2. c4 e6 3. Nf3 d5 4. g3 Be7 5. Bg2 O-O 6. O-O dxc4 7. Qc2 a6 8. a4 Bd7 9. Qxc4 Bc6 10. Bf4 Bd6 11. Qc1 a5 12. Bg5 Na6 {[%emt 0:15:12] The position is equal.} 13. Nbd2 Be7 14. Rd1 Nb4 15. Nc4 Bd5 16. Nfe5 b6 17. Ne3 Bxg2 18. Kxg2 h6 19. Bxf6 Bxf6 20. N3c4 Qd5+ 21. f3 Rad8 22. e3 Qb7 23. Qc3 Qa6 24. Kf2 c5 25. dxc5 (25. f4 $15) 25... bxc5 26. b3 Rd5 {[%emt 0:00:30] And now ...Rfd8 would win.} 27. e4 {[%emt 0:02:17] [#]} Rd4 28. Ng4 $15 Be7 29. Rd2 Rxd2+ (29... f5 {feels hotter.} 30. exf5 Bg5 31. f4 Bxf4 32. gxf4 Rxf4+ 33. Kg3 R4xf5 34. Rf2 Rxf2 35. Nxf2 Qa8) 30. Qxd2 Rd8 31. Qe2 Nc6 32. Rb1 Nd4 33. Qd3 Qa7 34. Qc3 Nc6 35. Nge3 Bf6 36. e5 Be7 37. Rd1 Nd4 38. Nc2 {[%emt 0:00:39] Excellent horsemanship.} (38. Qxa5 Qb7 39. Nd2 Nxb3 $15) 38... Ra8 (38... Rd5 $11) 39. Kg2 Nc6 40. Rd3 {[%emt 0:00:40] White has more active pieces.} (40. N2a3 $1 $16) 40... Rb8 41. Qd2 Qa8 42. Qe1 Qa6 43. Qe4 Qc8 44. h4 h5 45. Kh3 Qc7 46. Kg2 Bf8 47. Kf1 Ne7 48. N2e3 Nc6 49. Nc2 {[%emt 0:00:05] Against Nd4} g6 50. Ke2 Bg7 51. f4 Bf8 52. Kd1 Be7 53. Kc1 Nd4 54. Nxd4 (54. Kb2 {seems wilder.} Qd7 55. Nxd4 cxd4 56. Kc2) 54... cxd4 55. Qxd4 Qc6 56. Qf2 Ba3+ 57. Kc2 Bf8 58. Qf3 Qc5 59. Qe3 Qc6 60. Qf3 Qc5 61. Rd2 Qg1 (61... Kg7 $11) 62. Rd1 (62. Nxa5 Bb4 63. Nc6 Rc8 64. Rd8+ Rxd8 65. Nxd8 Qd4 $17) (62. Nd6 $1 $16) 62... Qh2+ $2 (62... Qc5 $1 $11) 63. Kb1 $1 $18 Bc5 64. Nxa5 Kg7 65. Nc4 Bf2 66. Rd3 Qg1+ 67. Ka2 Bc5 68. Rd1 Qh2+ 69. Rd2 Qg1 70. Rd1 Qh2+ 71. Rd2 Qg1 72. Qg2 {[%emt 0:00:39] Qxg1 is the strong threat.} Qe1 73. Rd3 Bb4 74. Qf3 {[%emt 0:00:33] aiming for Rd1.} Qg1 75. Qe2 Bc5 (75... Rc8 $16 {was necessary.} 76. Kb2 Rc7) 76. Nd2 (76. Qc2 $18) 76... Qc1 $16 {[%emt 0:00:31] [#] ( -> ...Qc2+)} 77. Nc4 (77. Nb1 $1 $16 {Black must now prevent Rd1.} Bb4 78. Qd1) 77... Qg1 $1 $18 78. Nd6 Bb4 79. Ne4 ({White should play} 79. Qc2 $18) 79... Qc1 $16 80. Qb2 Qf1 {[%emt 0:00:45] [#]} 81. Qc2 $2 (81. Rd4 $1 $18) 81... Qe1 $2 (81... Rc8 $1 $11 {and Black is okay.} 82. Qxc8 Qxd3) 82. Rd7 $18 {[%emt 0:00:37] Strongly threatening Ng5.} Rf8 $2 (82... Rc8 83. Qxc8 Qxe4) 83. Ng5 Kg8 {[%emt 0:00:45] [#]} 84. Nxf7 $1 {[%emt 0:00:32][%cal Rc2g6][%mdl 512] White mates.} Qxg3 (84... Qd2 85. Rxd2) 85. Ng5 Rf5 86. Nxe6 {[%emt 0:00:20] Weighted Error Value: White=0.11 (very precise) /Black=0.11 (very precise) .  Loses game:     	---       	Black=1      Missed win:     	White=1     	---        Mistake:       	White=6     	Black=6      Inaccurate:     	White=6     	Black=6      OK:         	White=17    	Black=28     Best:        	White=5     	Black=5      Strong:       	White=1     	Black=1} (86. Qc8+ $142 Bf8 87. Rg7+ (87. Nxe6 Qf2+ 88. Ka1 Qe1+ 89. Kb2 Qf2+ 90. Qc2 Ba3+ 91. Kb1 Qxc2+ 92. Kxc2 Bb4 $18) 87... Kxg7 88. Qc7+ (88. Qxe6 $2 {is the wrong capture.} Qg2+ 89. Kb1 Qb7 $19) 88... Be7 89. Qxe7+ Kg8 90. Qe8+ (90. Qxe6+ Kf8 $18) 90... Kg7 91. Nxe6+ (91. Qxe6 Qf2+ 92. Kb1 Qe1+ 93. Kc2 Qf2+ 94. Kd1 Qg1+ 95. Kc2 Qg2+ 96. Kc3 Qg3+ 97. Kc2 Qf2+ 98. Kb1 Qe1+ 99. Kb2 Qd2+ 100. Ka3 Qc1+ 101. Ka2 Qd2+ 102. Kb1 Qd1+ 103. Ka2 Qd2+ 104. Ka3 Qc1+ 105. Ka2 Qc2+ 106. Ka1 Kh6 $11) 91... Kh7 92. Qe7+ Rf7 93. Qxf7+ Kh8 94. Qg7#) 1-0

[Event "7th Sharjah Masters 2024"]
[Site "Sharjah"]
[Date "2024.05.14"]
[Round "1.13"]
[White "Sjugirov, Sanan"]
[Black "Kadric, Denis"]
[Result "1/2-1/2"]
[ECO "D21"]
[WhiteElo "2692"]
[BlackElo "2558"]
[Annotator "TA"]
[PlyCount "122"]
[EventDate "2024.05.13"]
[EventType "swiss"]
[EventCountry "UAE"]
[SourceTitle "playchess.com"]
[Source "ChessBase"]
[SourceQuality "1"]
[TimeControl "5400+30"]

1. d4 d5 2. c4 dxc4 3. Nf3 e6 4. Qa4+ Nd7 5. e4 c5 6. Bxc4 {[%emt 0:24:33] D21: Queen's Gambit Accepted: 3 Nf3 sidelines.} cxd4 7. O-O Bc5 8. Nbd2 $146 ({Predecessor:} 8. b4 Bd6 9. Na3 Bb8 10. Bg5 Ne7 11. Nxd4 h6 12. Bh4 g5 13. Bg3 Qb6 14. Bb5 {0-1 Sargsyan,S (2631)-Anton Guijarro,D (2653) FIDE Grand Swiss 2023 (9)}) 8... Ne7 9. e5 Ng6 10. Bd3 O-O 11. Bxg6 hxg6 12. Ne4 b6 13. Bg5 Qe8 14. b4 Bb7 15. Rfe1 Be7 16. Bxe7 Qxe7 17. Rad1 a5 18. Rxd4 Bd5 19. b5 Rfc8 20. Neg5 Qc5 21. Rh4 Bc4 22. Nd2 (22. h3 $16 Qb4 (22... Qxb5 23. Rxc4 Qxc4 24. Qxd7 $16)) 22... Qe7 (22... Bxb5 $2 {is the wrong capture.} 23. Qf4 Nxe5 24. Rh7 $18 (24. Qxe5 $2 Qxe5 $19)) (22... Nxe5 $2 23. Rxe5 Bd5 (23... Qxe5 $2 24. Rh8+ Kxh8 25. Nxf7+ Kg8 26. Nxe5 $18) 24. Re1 $18) 23. Rxc4 (23. Nxc4 $16 {[%cal Oc4d6] Nd6! is the strong threat.} Qxg5 24. Rd4) 23... Qxg5 $11 24. Nf3 Qe7 25. Rd1 (25. Rh4 $1 $14) 25... Nc5 26. Qc2 Rd8 27. h3 Rxd1+ 28. Qxd1 Rd8 29. Rd4 Rxd4 30. Qxd4 Qd7 31. Qxd7 Nxd7 32. Kf1 f6 33. exf6 gxf6 34. h4 Kf7 35. Ke2 f5 36. Kd3 Ke7 37. Ng5 Kd6 38. Kd4 e5+ 39. Kc4 Nf6 40. f3 Ke7 41. g3 Kd6 42. Nf7+ Ke6 43. Ng5+ Kd6 44. Nf7+ Ke6 45. Nh8 Nh5 46. Nxg6 Nxg3 47. Nf8+ Kd6 48. Nh7 e4 49. fxe4 fxe4 50. Nf6 e3 51. Kd3 e2 52. Kd2 Kc5 53. h5 Nxh5 (53... Kxb5 $2 {too greedy.} 54. h6 $18) 54. Nxh5 Kxb5 (54... e1=B+ {simplifies} 55. Kxe1 Kxb5 56. Kd2 Ka4) 55. Nf4 Kb4 56. Nxe2 Ka3 57. Nc3 b5 58. Nxb5+ (58. Kc2 $5 b4 $8 59. Nb1+ Kxa2 60. Nc3+ Ka3 61. Nb5+ Ka2 62. Nc3+ Ka3 63. Nb5+ Ka4 64. Nc3+ bxc3 (64... Ka3 65. Nb1+ Ka4 66. Nc3+ bxc3 67. Kxc3 $11) 65. Kxc3 $11) 58... Kxa2 59. Kc2 (59. Kc3 $5) 59... a4 60. Nc3+ Ka3 61. Nxa4 Kxa4 1/2-1/2

[Event "7th Sharjah Masters 2024"]
[Site "Sharjah"]
[Date "2024.05.14"]
[Round "1.14"]
[White "Dudin, Gleb"]
[Black "Niemann, Hans Moke"]
[Result "0-1"]
[ECO "E11"]
[WhiteElo "2554"]
[BlackElo "2689"]
[Annotator "TA"]
[PlyCount "118"]
[EventDate "2024.05.13"]
[EventType "swiss"]
[EventCountry "UAE"]
[SourceTitle "playchess.com"]
[Source "ChessBase"]
[SourceQuality "1"]
[TimeControl "5400+30"]

1. d4 Nf6 2. Nf3 d5 3. c4 e6 4. g3 Bb4+ 5. Bd2 Be7 6. Bg2 Nbd7 7. O-O c6 8. Qc2 {[%emt 0:00:00] The position is equal.} Ne4 9. Ne1 Nxd2 10. Nxd2 Nf6 11. Nd3 a5 12. e3 O-O 13. Rfc1 Bd6 14. b3 Qe7 15. c5 Bc7 16. Qc3 h5 17. h3 Nd7 18. f4 f6 19. e4 h4 20. g4 dxe4 21. Nxe4 f5 22. gxf5 Rxf5 23. Rf1 Nf6 24. Nxf6+ Rxf6 25. Ne5 Bd7 $1 26. Be4 Be8 (26... Raf8 $11 {might be stronger.}) 27. Qe3 $16 Bh5 28. Rf2 {[%emt 0:00:53] Hoping for Rg2.} Raf8 (28... Bxe5 $14 29. dxe5 Rf7) 29. Raf1 Kh8 30. Rg2 Rh6 31. a3 Qe8 32. Bd3 (32. Qd3 $16) 32... Bxe5 $14 33. Qxe5 ({Much worse is} 33. fxe5 Rxf1+ 34. Kxf1 Bg6 $11) 33... Bg6 $1 {[%emt 0:05:48] [#]} 34. Kh2 Qf7 $11 35. Bc4 Bf5 36. Rfg1 Rh7 37. b4 axb4 38. axb4 Qf6 39. Re1 Rh6 40. b5 cxb5 41. Bxb5 (41. Qxf6 {simplifies} Rhxf6 42. Bxb5 Ra8 43. Re3) 41... Rd8 42. Qxf6 Rxf6 43. Rd2 Bg6 44. Rg1 Bh5 45. Rg5 Bf3 46. Be2 Bxe2 47. Rxe2 Rxd4 {[%emt 0:00:05][%mdl 4096] Endgame. KRR-KRR} 48. Rh5+ Kg8 49. Rxh4 Rc4 ({Much less strong is} 49... Rfxf4 50. Rxf4 Rxf4 51. Rxe6 $17) 50. Re5 Kf7 51. Rh8 (51. Kg3 $11 {remains equal.}) 51... Rfxf4 $17 52. Rb8 (52. Rd8 $17) 52... Rf2+ 53. Kg3 Rb2 {[%emt 0:00:02] [#] Threatens to win with ...Rc3+.} 54. Rc8 (54. Re3 {might work better.}) 54... Rb3+ 55. Kf2 Rxh3 56. Kg2 Rhc3 57. Rc7+ Kf6 58. Re2 Rxc5 59. Rxb7 Rc2 {[%emt 0:00:11] Black used his chance.   Weighted Error Value: White=0.15 (very precise) /Black=0.09 (flawless) .  Mistake:       	White=5     	Black=2      Inaccurate:     	White=2     	Black=1      OK:         	White=17    	Black=26     Best:        	---       	Black=4      Strong:       	---       	Black=2} 0-1

[Event "7th Sharjah Masters 2024"]
[Site "Sharjah"]
[Date "2024.05.14"]
[Round "1.15"]
[White "Sindarov, Javokhir"]
[Black "Horvath, Dominik"]
[Result "1/2-1/2"]
[ECO "C42"]
[WhiteElo "2684"]
[BlackElo "2554"]
[Annotator "TA"]
[PlyCount "91"]
[EventDate "2024.05.13"]
[EventType "swiss"]
[EventCountry "UAE"]
[SourceTitle "playchess.com"]
[Source "ChessBase"]
[SourceQuality "1"]
[TimeControl "5400+30"]

1. e4 e5 2. Nf3 Nf6 3. d3 d5 4. exd5 Qxd5 5. Nc3 Bb4 6. Bd2 Bxc3 7. Bxc3 Nc6 8. Be2 Bf5 9. O-O O-O-O 10. Re1 Rhe8 11. Nd2 Nd4 12. Bf1 e4 13. Nb3 Nxb3 14. axb3 exd3 15. Rxe8 Rxe8 16. cxd3 Kb8 17. b4 {[%emt 0:02:46] Threatens to win with Bxf6. White is weak on the light squares} Bd7 18. Qd2 a6 19. Qf4 Qf5 20. Qxf5 Bxf5 21. f3 Nd5 22. Bxg7 Nxb4 23. Rd1 Rd8 24. g4 Bg6 25. h4 h5 26. Bf6 Rd6 (26... Re8 $14) 27. Be7 $1 $16 Rd4 28. Bc5 Rf4 29. Re1 b6 (29... b5 $16) 30. Re8+ $1 $18 (30. gxh5 bxc5 31. Re8+ Ka7 32. hxg6 fxg6 $11) 30... Ka7 {[%emt 0:00:03] [#]} (30... Kb7 $142 31. Be3 Rxf3) 31. Be3 $1 Rf6 (31... Rxf3 32. gxh5 Bxh5 (32... Bxd3 $2 33. Bg2 $18) 33. Bg2 $18) 32. Bd2 Nc6 33. Bg2 Rd6 34. Bc3 b5 35. Rh8 b4 36. Be1 (36. Bg7 $16) 36... a5 $14 37. Bg3 Rxd3 {[%emt 0:01:39] Hoping for ...a4.} 38. gxh5 Bf5 39. h6 {[%emt 0:00:37][%cal Oh6h7] And now h7! would win.} a4 $1 40. Bf1 {[%emt 0:02:45] [#]} (40. Bxc7 $2 a3 41. bxa3 b3 $19 (41... bxa3 $2 42. f4 $19)) (40. Bh3 $14 {stays ahead.} Rxf3 (40... Bxh3 41. h7 $16) 41. Kg2) 40... Rd1 ({Better is} 40... a3 $1 $17 41. bxa3 (41. Bxc7 $2 axb2 42. Bxd3 Bxd3 $19) 41... b3 42. Bxd3 (42. Bxc7 $2 b2 $19) 42... Bxd3) 41. h7 $1 $11 {[%emt 0:00:53] [#] The position is equal.} (41. Bxc7 $2 a3 (41... Bd3 $2 42. Kg2 $19) 42. bxa3 b3 $19 (42... bxa3 $2 43. Bb6+ Kxb6 44. Ra8 $19)) 41... Bxh7 $1 42. Rxh7 a3 $1 43. bxa3 (43. Bxc7 $2 {loses.} axb2 $19) 43... bxa3 {[%emt 0:01:41] aiming for ...a2.} 44. Rxf7 {[%emt 0:00:03][%cal Of7f4] Rf4! would now be deadly.} ({But not} 44. Bf2+ $2 Kb7 45. Rxf7 a2 $19) 44... a2 45. Rxc7+ Kb6 (45... Ka8 $5 46. Rc8+ $8 (46. Rxc6 $2 {perishes.} a1=Q $19) 46... Kb7 47. Rc7+ Kb6 48. Rxc6+ Kxc6 $11) 46. Rxc6+ $1 {[%emt 0:00:04] White really could win this.   Weighted Error Value: White=0.14 (very precise) /Black=0.16 (very precise) .  Mistake:       	White=2     	Black=4      Inaccurate:     	White=2     	Black=6      OK:         	White=12    	Black=13     Best:        	White=4     	Black=2      Strong:       	White=5     	Black=2      Brilliant:      	---       	Black=1} 1/2-1/2

[Event "7th Sharjah Masters 2024"]
[Site "Sharjah"]
[Date "2024.05.14"]
[Round "1.16"]
[White "Erdogmus, Yagiz Kaan"]
[Black "Nihal Sarin"]
[Result "1/2-1/2"]
[ECO "C64"]
[WhiteElo "2554"]
[BlackElo "2680"]
[Annotator "TA"]
[PlyCount "48"]
[EventDate "2024.05.13"]
[EventType "swiss"]
[EventCountry "UAE"]
[SourceTitle "playchess.com"]
[Source "ChessBase"]
[SourceQuality "1"]
[TimeControl "5400+30"]

1. e4 e5 2. Nf3 Nc6 3. Bb5 a6 4. Ba4 Bc5 5. c3 Nge7 6. O-O Ng6 7. d4 Ba7 8. Bxc6 dxc6 9. Nxe5 Nxe5 10. dxe5 Qh4 11. Qf3 Bg4 12. Qf4 {[%emt 0:06:40] [#] Threatens to win with h3.} Qh5 13. h3 Be6 (13... Bd7 $14) 14. Be3 $16 Bxe3 15. Qxe3 Qxe5 16. f4 Qa5 17. f5 Bc4 18. Re1 ({White must play} 18. Rd1 $18) 18... f6 19. Nd2 Bf7 20. e5 fxe5 21. Nb3 {[%emt 0:10:58] White is more active. White is slightly better.} Qb6 22. Qxb6 cxb6 23. Rxe5+ Kf8 $1 24. Rae1 h5 {[%emt 0:04:09] Weighted Error Value: White=0.11 (very precise) /Black=0.13 (very precise) .  Mistake:       	White=1     	Black=1      Inaccurate:     	White=1     	Black=3      OK:         	White=8     	Black=7      Best:        	White=4     	---        Strong:       	---       	Black=1} 1/2-1/2

[Event "7th Sharjah Masters 2024"]
[Site "Sharjah"]
[Date "2024.05.14"]
[Round "1.17"]
[White "Martirosyan, Haik M."]
[Black "Can, Emre"]
[Result "1/2-1/2"]
[ECO "B51"]
[WhiteElo "2679"]
[BlackElo "2549"]
[Annotator "TA"]
[PlyCount "107"]
[EventDate "2024.05.13"]
[EventType "swiss"]
[EventCountry "UAE"]
[SourceTitle "playchess.com"]
[Source "ChessBase"]
[SourceQuality "1"]
[TimeControl "5400+30"]

1. e4 c5 2. Nf3 d6 3. Bb5+ Nd7 4. Ba4 Ngf6 5. O-O e6 6. d3 Be7 7. c4 O-O 8. Nc3 Ne5 9. Ne1 Bd7 10. Bxd7 Nfxd7 11. f4 Nc6 12. Bd2 a6 13. a4 Nb4 14. Kh1 Nb8 15. Ne2 N8c6 16. Ng3 (16. d4 $5) 16... f5 17. Bc3 Bh4 18. Nf3 Bxg3 19. hxg3 Qe8 20. exf5 Qh5+ 21. Nh4 Qxd1 22. Raxd1 exf5 23. d4 g6 24. Nf3 Rae8 25. dxc5 dxc5 26. Rd7 Rf7 27. Rd6 Rfe7 28. Rf2 {[%emt 0:06:03] Inhibits Nc2.} Re6 29. Rd1 Na2 30. Be5 Nxe5 31. Nxe5 Nb4 32. Rfd2 Nc6 33. Nf3 Na5 34. Rd7 R6e7 35. Ne5 Nc6 36. Rxe7 Rxe7 37. Rd5 Nxe5 {[%emt 0:00:21] The position is equal.} 38. fxe5 $11 {[%emt 0:00:01][%mdl 4096] Endgame. KR-KR} Rc7 39. a5 Kf7 40. Rd6 Re7 41. Rb6 Rxe5 42. Rxb7+ Kf6 43. Rxh7 Re1+ 44. Kh2 Ra1 45. Rd7 Rxa5 46. Rd5 Ra2 47. Rxc5 Rxb2 48. Rc6+ Kg5 49. Rxa6 Rc2 50. Rc6 Rc1 51. c5 Kh5 52. Rc8 Kg4 53. c6 g5 54. Ra8 {[%emt 0:00:44] Weighted Error Value: White=0.04 (flawless) /Black=0.05 (flawless) .  Inaccurate:     	White=3     	Black=4      OK:         	White=21    	Black=22     Best:        	White=1     	Black=1} 1/2-1/2

[Event "7th Sharjah Masters 2024"]
[Site "Sharjah"]
[Date "2024.05.14"]
[Round "1.18"]
[White "Erdos, Viktor"]
[Black "Shankland, Sam"]
[Result "1/2-1/2"]
[ECO "D38"]
[WhiteElo "2546"]
[BlackElo "2671"]
[Annotator "TA"]
[PlyCount "129"]
[EventDate "2024.05.13"]
[EventType "swiss"]
[EventCountry "UAE"]
[SourceTitle "playchess.com"]
[Source "ChessBase"]
[SourceQuality "1"]
[TimeControl "5400+30"]

1. d4 Nf6 2. c4 e6 3. Nf3 d5 4. Bg5 Bb4+ 5. Nc3 O-O 6. e3 Nbd7 7. cxd5 exd5 8. Rc1 h6 9. Bh4 c5 10. dxc5 Qa5 11. a3 Bxc3+ 12. Rxc3 Ne4 13. b4 Nxc3 14. Qa1 Qa4 15. Qxc3 a5 16. b5 Nxc5 17. Qxc5 Bf5 18. Qc1 Rac8 19. Qa1 Bg4 20. Bg3 Bxf3 21. gxf3 d4 22. Bh3 Qxb5 23. Bxc8 Rxc8 24. Qd1 Rc3 25. exd4 g5 26. Rg1 Kh7 27. d5 Qc4 28. d6 Rc1 29. Kd2 Qc3+ 30. Ke2 Qb2+ 31. Qd2 Rc2 32. Rd1 Qb5+ 33. Ke1 Rxd2 34. Rxd2 Qd7 35. Re2 (35. f4 $17) 35... Kg6 36. Re7 (36. f4 $142) 36... Qb5 37. Rc7 (37. d7 $2 Qd3 38. f4 Kf6 $19 (38... Qxa3 $2 39. d8=Q $18)) 37... Kf6 38. h4 Qd5 39. hxg5+ hxg5 40. Rc2 Kg6 (40... Qxf3 $19 {Hoping for ...Qe4+.} 41. Rd2 Qh1+ (41... Qxa3 42. d7 $16) 42. Ke2 Qe4+ 43. Kf1 Qc4+ 44. Kg2 Qc3) 41. Rd2 $15 Qe6+ 42. Kf1 Qd7 43. Kg2 f5 44. Be5 f4 45. Bc3 {[%emt 0:01:18] [#]} ({Better is} 45. a4 $15) 45... g4 $1 $17 46. Bb2 $2 {[%emt 0:00:44] [#]} (46. Bxa5 $17 {is the only way for White.} gxf3+ 47. Kxf3) 46... b5 $1 $19 47. Rd4 Kf5 $2 (47... Qc6 $19 48. Rxf4 (48. d7 $2 Qxf3+ 49. Kg1 g3 $19) 48... Qxd6 (48... gxf3+ 49. Rxf3 Kh5 50. d7 $17) 49. Rxg4+ (49. Rf6+ $2 Qxf6 50. Bxf6 Kxf6 $19) 49... Kf7 50. Rg7+ Kf8) 48. fxg4+ $11 Kxg4 49. f3+ Kf5 50. Kf2 Ke6 51. Ke1 Kf7 52. Rxf4+ Ke8 53. Rd4 Kd8 54. Kd2 Qf7 (54... Qg7 $15 {might be stronger.} 55. d7 Qg2+ 56. Kc1 b4 (56... Qxf3 57. Kb1 $11) 57. axb4 axb4 (57... Qxf3 58. bxa5 Qb3 59. Kb1 $11) 58. Rxb4 Qg1+ (58... Qxf3 59. Rd4 $11) 59. Kc2 Qf2+ (59... Kxd7 60. Rd4+ Kc6 61. Rc4+ Kd5 62. Rd4+ Kc5 63. Rd3 $11) 60. Kd3 Qxf3+ (60... Kxd7 61. Bc3 $11) 61. Kd2 Qg2+ (61... Kxd7 62. Rd4+ Ke8 63. Bc3 $11) 62. Kd3 Qg3+ (62... Kxd7 63. Bc3 $11) 63. Kc2 Qh2+ (63... Kxd7 64. Rd4+ Kc7 65. Bc3 $11) 64. Kc1 Qg1+ (64... Kxd7 65. Rd4+ Ke7 66. Bc3 $11) 65. Kc2 Kxd7) 55. d7 $1 $11 Qb3 56. Kc1 Qxf3 57. Rd2 Qf4 58. Bc3 b4 $1 59. axb4 $1 axb4 60. Bd4 Qh6 (60... Qf1+ $15 61. Kb2 Kxd7 62. Bc3+ Kc6 63. Bxb4 Kb6) 61. Be5 $1 $11 Qc6+ 62. Kb2 b3 63. Bc3 (63. Kxb3 $2 {too greedy.} Qe6+ 64. Kc2 Qxe5 $19) 63... Qxd7 64. Rxd7+ Kxd7 65. Kxb3 1/2-1/2

[Event "7th Sharjah Masters 2024"]
[Site "Sharjah"]
[Date "2024.05.14"]
[Round "1.19"]
[White "Aravindh, Chithambaram VR."]
[Black "Bharath Subramaniyam H"]
[Result "1-0"]
[ECO "D73"]
[WhiteElo "2671"]
[BlackElo "2545"]
[Annotator "TA"]
[PlyCount "77"]
[EventDate "2024.05.13"]
[EventType "swiss"]
[EventCountry "UAE"]
[SourceTitle "playchess.com"]
[Source "ChessBase"]
[SourceQuality "1"]
[TimeControl "5400+30"]

1. Nf3 d5 2. g3 g6 3. Bg2 Bg7 4. d4 c6 5. O-O Nf6 6. c4 dxc4 7. a4 Ne4 8. Nc3 Nd6 {[%emt 0:03:39] The position is equal.} 9. e4 O-O 10. Be3 Bg4 11. h3 Bxf3 12. Qxf3 Nd7 13. Qe2 {[%emt 0:23:23][%mdl 1024] White has compensation.} e5 14. Rad1 Qe7 15. d5 {[%emt 0:04:38] [#] dxc6 would now be deadly.} Rfd8 16. h4 h5 17. Bh3 c5 (17... Kh7 $14) 18. Nb5 $16 b6 19. Nxd6 Qxd6 20. Qxc4 a6 21. Rc1 Bf8 22. Rc2 {[%emt 0:04:37] White is more active.} Rdb8 (22... Bg7 $16 23. a5 bxa5) 23. Qd3 b5 24. b3 bxa4 25. bxa4 Rb4 26. Rc4 (26. a5 $142) 26... Rab8 27. Rfc1 Rxc4 (27... a5 $16) 28. Rxc4 $18 (28. Qxc4 $6 Rb4 29. Qc2 Nf6 $14) 28... Rb4 29. Bf1 Qb8 {[%emt 0:00:43] [#]} 30. Bd2 $1 {[%emt 0:07:33] Prevents a5} ({Resist} 30. Rxb4 cxb4 31. Qxa6 b3 $16) 30... Rb1 31. Rc1 Rxc1 32. Bxc1 Qb4 $2 (32... c4 33. Qxc4 Nc5) 33. Qxa6 Qxe4 (33... c4 $142 34. Qxc4 Nf6 35. Qxb4 Bxb4) 34. a5 Qxd5 35. Qc8 c4 36. a6 {[%emt 0:00:35][%cal Oc1e3] aiming for Be3!} ({Weaker is} 36. Bxc4 Qxa5 37. Bxf7+ (37. Qxd7 Qe1+ 38. Kh2 Qxf2+ 39. Kh3 Qf3 $11) 37... Kxf7 $14) 36... Nb6 37. Qb8 Nd7 38. Qd8 {[%emt 0:00:40] And now a7 would win.} Kg7 39. a7 {[%emt 0:00:11] Weighted Error Value: White=0.08 (flawless) /Black=0.44.  Mistake:       	White=1     	Black=5      Inaccurate:     	White=2     	Black=3      OK:         	White=13    	Black=6      Best:        	White=2     	---} 1-0

[Event "7th Sharjah Masters 2024"]
[Site "Sharjah"]
[Date "2024.05.14"]
[Round "1.20"]
[White "Sivuk, Vitaly"]
[Black "Yakubboev, Nodirbek"]
[Result "1/2-1/2"]
[ECO "E53"]
[WhiteElo "2544"]
[BlackElo "2665"]
[Annotator "TA"]
[PlyCount "32"]
[EventDate "2024.05.13"]
[EventType "swiss"]
[EventCountry "UAE"]
[SourceTitle "playchess.com"]
[Source "ChessBase"]
[SourceQuality "1"]
[TimeControl "5400+30"]

1. d4 Nf6 2. c4 e6 3. Nc3 Bb4 4. e3 O-O 5. Bd3 d5 6. a3 Bxc3+ 7. bxc3 dxc4 8. Bxc4 c5 9. Nf3 Qc7 10. Be2 b6 11. Bb2 cxd4 12. cxd4 Ba6 {[%emt 0:00:06] The position is equal.} 13. O-O Qb7 14. a4 Bxe2 15. Qxe2 Rc8 16. Rfc1 Nbd7 {[%emt 0:02:36] An uneventful encounter.   Weighted Error Value: White=0.01 (flawless) /Black=0.04 (flawless) .  OK:         	White=4     	Black=4} 1/2-1/2

[Event "7th Sharjah Masters 2024"]
[Site "Sharjah"]
[Date "2024.05.14"]
[Round "1.21"]
[White "Sadhwani, Raunak"]
[Black "Gavrilescu, David"]
[Result "1/2-1/2"]
[ECO "B40"]
[WhiteElo "2654"]
[BlackElo "2540"]
[Annotator "TA"]
[PlyCount "47"]
[EventDate "2024.05.13"]
[EventType "swiss"]
[EventCountry "UAE"]
[SourceTitle "playchess.com"]
[Source "ChessBase"]
[SourceQuality "1"]
[TimeControl "5400+30"]

1. e4 c5 2. Nf3 e6 3. d4 cxd4 4. Nxd4 Nf6 5. Bd3 Nc6 6. Nxc6 bxc6 7. Bf4 d5 8. Nd2 g6 9. c3 {[%emt 0:00:38] The position is equal.} Bg7 10. Qa4 Qb6 11. exd5 exd5 12. Bd6 {[%emt 0:00:07] Strongly threatening 0-0.} Bf8 13. Qf4 Qd8 14. Bxf8 Kxf8 15. Qh6+ Kg8 16. O-O Ng4 17. Qf4 Qf6 18. Qxf6 Nxf6 19. b4 a5 20. a4 Kg7 21. Rfb1 Bd7 22. Nb3 {[%emt 0:00:20] White is slightly better.} Rhb8 23. Nxa5 {[%emt 0:04:35] Hoping for Nb3.} c5 24. f3 {[%emt 0:02:28] Weighted Error Value: White=0.04 (flawless) /Black=0.05 (flawless) .  Inaccurate:     	White=1     	Black=2      OK:         	White=13    	Black=9      Best:        	---       	Black=1} (24. bxc5 $2 {too greedy.} Rxb1+ 25. Rxb1 Rxa5 $19) 1/2-1/2